 Dungeon Crawl Stone Soup version 0.30-a0-782-ge64f9170bb (webtiles) character file.

Game seed: 8133404905542449234

92 sanka the Shooter (level 4, -3/38 HPs)
             Began as a Demigod Hunter on Mar 1, 2023.
             Slain by a gnoll
             ... wielding a +0 spear
              (4 damage)
             ... on level 3 of the Dungeon.
             The game lasted 00:02:34 (1460 turns).

sanka the Shooter (Demigod Hunter)                  Turns: 1460, Time: 00:02:35

Health: -3/38      AC:  3    Str: 12    XL:     4   Next: 13%
Magic:  6/6        EV: 12    Int: 11    God:
Gold:   123        SH:  0    Dex: 21    Spells: 3/3 levels left

rFire   . . .      SeeInvis .    a - +0 shortbow
rCold   . . .      Faith    .    (shield currently unavailable)
rNeg    . . .      Spirit   .    c - +0 leather armour
rPois   .          Reflect  .    (no helmet)
rElec   .          Harm     .    (no cloak)
rCorr   .          Rampage  .    (no gloves)
Will    .....                    (no boots)
Stlth   ++                       (no amulet)
HPRegen 0.26/turn                (no ring)
MPRegen 0.10/turn                (no ring)

@: no status effects
A: high MP 1, forlorn, divine attributes
a: no special abilities


You were on level 3 of the Dungeon.
You visited 1 branch of the dungeon, and saw 3 of its levels.

You collected 123 gold pieces.


Innate Abilities, Weirdness & Mutations

You have an increased reservoir of magic. (+10% MP)
You shall have no god before yourself.
Your divine heritage dramatically boosts your attributes as you level up.


   Skills:
 + Level 3.4 Fighting
 * Level 4.4 Ranged Weapons
 - Level 1.7 Dodging
 - Level 0.8 Stealth


You had 3 spell levels left.
You didn't know any spells.
Your spell library contained the following spells:

 Spells                   Type           Power      Damage    Failure   Level
 Sandblast                Erth           0%         2d4       41%         1
 Slow                     Hex            0%         N/A       41%         1
 Passwall                 Tmut/Erth      0%         N/A       56%         2
 Confusing Touch          Hex            0%         N/A       80%         3
 Stone Arrow              Conj/Erth      0%         3d7       80%         3
 Vampiric Draining        Necr           0%         2d6       80%         3

Inventory:

Hand Weapons
 a - a +0 shortbow (weapon)
 n - a +4 short sword
Armour
 c - a +0 leather armour (worn)
Magical Staves
 o - a staff of fire
Jewellery
 j - a ring of magical power
Scrolls
 b - a scroll of immolation {!r}
 d - 3 scrolls of identify {unknown}
 g - 2 scrolls of torment {unknown}
 l - a scroll of teleportation {unknown}
 m - a scroll of vulnerability {unknown}
 p - a scroll of noise {unknown}
 q - a scroll of poison {unknown}
Potions
 e - a potion of heal wounds {unknown}
 f - 2 potions of curing {unknown}
 h - a potion of flight {unknown}
 i - a potion of invisibility {unknown}
 k - a potion of haste {unknown}

Dungeon Overview and Level Annotations

Branches:
Dungeon (3/15)

Annotations:
D:3 Terence

▒▒▒▒▒▒▒▒ ▒....g.g
▒.▒▒▒▒▒▒
.▒▒▒▒▒▒▒▒▒▒▒▒▒▒▒▒.▒
.......pggg.......▒▒▒▒▒
▒▒▒▒▒▒▒▒▒▒▒▒▒▒.......(..
▒.▒▒▒▒▒▒▒▒▒ ....▒
▒▒▒▒▒▒▒▒▒▒.▒ ▒...▒
▒..........▒ ▒...▒
▒.▒▒▒▒▒▒▒..▒▒▒▒▒▒ ▒▒
▒▒...▒▒▒
▒.▒▒..£.......... @.
.......▒
▒.▒▒.▒▒▒▒..▒▒▒▒▒▒ ▒▒
▒▒...▒.▒▒▒ ▒.▒▒.▒.....▒


You could see 3 gnolls.


Message History

The gnoll is lightly wounded.
The gnoll hits you with a +0 club. The gnoll barely misses you.
You shoot an arrow. The arrow closely misses the gnoll.
The arrow barely misses the gnoll.
The arrow hits the gnoll!
The gnoll is severely wounded.
The gnoll hits you with a +0 club!
* * * LOW HITPOINT WARNING * * *
You shoot an arrow. The arrow completely misses the gnoll.
The arrow closely misses the gnoll.
The arrow closely misses the gnoll.
The gnoll barely misses you. The gnoll hits you with a +0 club!
* * * LOW HITPOINT WARNING * * *
You shoot an arrow.
The arrow hits the gnoll but does no damage.
The gnoll is lightly wounded.
The gnoll barely misses you.
The gnoll hits you from afar with a +0 spear.
* * * LOW HITPOINT WARNING * * *
You shoot an arrow. The arrow hits the gnoll!
The gnoll is severely wounded.
The gnoll hits you with a +0 club.
* * * LOW HITPOINT WARNING * * *
The gnoll hits you from afar with a +0 spear.
You die...

Action                     |  1- 3 |  4- 6 || total
---------------------------+-------+-------++-------
   Fire: Shortbow          |   160 |    12 ||   172
 Armour: Leather armour    |    23 |       ||    23
  Dodge: Dodged            |    56 |     3 ||    59

Levels and vault maps discovered:
D:1:      saegor_arrival_simple_b, layout_rooms,
          dreamdust_ecumenical_altar_statues, minmay_stone_trees_small,
          chequers_decorated_corner
D:2:      layout_basic, chequers_serial_rivers_micro_b
D:3:      layout_loops_ring, gup_sewer_entry_bowl, chequers_hall_statues_wall_a,
          uniq_terence

Notes
Turn   | Place    | Note
-------+----------+-------------------------------------------
     0 | D:1      | sanka the Demigod Hunter began the quest for the Orb.
     0 | D:1      | Reached XP level 1. HP: 17/17 MP: 3/3
    15 | D:1      | Reached skill level 2 in Fighting
   131 | D:1      | Reached XP level 2. HP: 25/25 MP: 4/4
   253 | D:1      | Reached skill level 3 in Fighting
   392 | D:1      | Reached XP level 3. HP: 26/31 MP: 5/5
   656 | D:2      | Reached skill level 4 in Ranged Weapons
  1158 | D:2      | Reached XP level 4. HP: 38/38 MP: 6/6
  1417 | D:3      | Noticed Terence
  1460 | D:3      | HP: 1/38 [gnoll/+0 club (6)]
  1460 | D:3      | Slain by a gnoll

Vanquished Creatures
  2 adders (D:2)
  A gnoll (D:3)
  3 worms (D:2)
  2 dart slugs
  6 ball pythons
  5 endoplasms
  A giant cockroach (D:1)
  9 goblins
  A hobgoblin (D:1)
  3 jackals (D:1)
  A quokka (D:1)
  7 bats
  2 frilled lizards
  3 kobolds (D:2)
  4 rats
50 creatures vanquished.
